 Dungeon Crawl Stone Soup version 0.27.0-1-g7a089689b8 (webtiles) character file.

Game seed: 8300260940214252541

72 gimp the Magician (level 4, -6/34 HPs)
             Began as a Mummy Warper on Aug 10, 2021.
             Killed from afar by an orc wizard (12 damage)
             ... with a puff of flame
             ... on level 2 of the Dungeon.
             The game lasted 00:04:21 (3806 turns).

gimp the Magician (Mummy Warper)                    Turns: 3806, Time: 00:04:22

Health: -6/34      AC:  3    Str: 14    XL:     4   Next: 7%
Magic:  9/9        EV: 11    Int: 12    God:
Gold:   36         SH:  0    Dex: 12    Spells: 10/10 levels left

rFire    x . .     SeeInvis .   a - +0 spear
rCold    + . .     Faith    .   (no shield)
rNeg     + + +     Spirit   .   k - +0 leather armour
rPois    ∞         Reflect  .   (no helmet)
rElec    .         Harm     .   (no cloak)
rCorr    .         Rampage  .   (no gloves)
Will     .....                  (no boots)
Stlth    +.........             (no amulet)
HPRegen  0.11/turn              (no ring)
MPRegen  0.11/turn              (no ring)

@: no status effects
A: cold resistance 1, negative energy resistance 3, torment resistance 2, heat
vulnerability 1, no potions
a: no special abilities


You were on level 2 of the Dungeon.
You visited 1 branch of the dungeon, and saw 3 of its levels.

You collected 36 gold pieces.

Inventory:

Hand Weapons
 a - a +0 spear (weapon)
 b - a +0 hunting sling
Missiles
 d - 4 boomerangs of dispersal
 e - 16 sling bullets
 g - 33 bolts
 j - 11 poisoned darts (quivered)
 l - 97 stones
Armour
 k - a +0 leather armour (worn)
Scrolls
 f - a scroll of identify
 h - a scroll of teleportation {unknown}
 i - a scroll of immolation


   Skills:
 + Level 2.7 Fighting
 * Level 2.8 Polearms
 - Level 0.7 Throwing
 - Level 0.7 Armour
 - Level 1.5 Dodging
 + Level 3.5 Spellcasting
 - Level 2.4 Translocations


You had 10 spell levels left.
You didn't know any spells.
Your spell library contained the following spells:

 Spells                   Type           Power      Damage    Failure   Level
 Blink                    Tloc           N/A        N/A       17%         2
 Gell's Gravitas          Tloc           3%         N/A       32%         3
 Lesser Beckoning         Tloc           3%         N/A       32%         3
 Teleport Other           Tloc           7%         N/A       32%         3
 Manifold Assault         Tloc           7%         N/A       97%         5
 Summon Hydra             Summ           1%         N/A       100%        7
 Sublimation of Blood     Necr           Unusable   N/A       N/A         2
 Wereblood                Tmut           Unusable   N/A       N/A         2

Dungeon Overview and Level Annotations

Branches:
Dungeon (3/15)

Altars:

Shops:
D:3 !


Innate Abilities, Weirdness & Mutations

You are immune to poison.
Your flesh is cold resistant. (rC+)
You are immune to negative energy. (rN+++)
You are immune to unholy pain and torment.
You are vulnerable to heat. (rF-)
You do not drink.


Message History

You take 16 damage, and have 10/34 hp.
MASSIVE DAMAGE!!
You feel less confused. The orc wizard barely misses you.
You can't drink.
Unknown command.
Okay, then.
Unknown command.
Okay, then.
Okay, then.
Okay, then.
Throw: 13 darts (poison)
Press: ? - help, Q - select action, (/) - cycle Shift-Dir - straight line, f - orc wizard
Aim: an orc wizard, wielding a +0 dagger and wearing a +0 robe (50% to hit)
You throw a poisoned dart.
The poisoned dart barely misses the orc wizard.
The orc wizard hits you with a +0 dagger.
* * * LOW HITPOINT WARNING * * *
You take 3 damage, and have 7/34 hp.
Throw: 12 darts (poison)
Press: ? - help, Q - select action, (/) - cycle Shift-Dir - straight line, f/p - orc wizard
Aim: an orc wizard, wielding a +0 dagger and wearing a +0 robe (50% to hit)
You throw a poisoned dart. The poisoned dart hits the orc wizard.
The orc wizard casts a spell at you.
You are confused.
Unknown command.
The orc wizard hits you with a +0 dagger.
* * * LOW HITPOINT WARNING * * *
You take 3 damage, and have 4/34 hp.
Unknown command.
Unknown command.
You bump into the rock wall.
You feel less confused.
The orc wizard mumbles some strange words.
The orc wizard flickers and vanishes!
Deactivating autopickup; reactivate with Ctrl-A.
A puff of flame appears from out of thin air!
The puff of flame misses you.
A puff of flame appears from out of thin air!
The puff of flame hits you! The fire burns you terribly!
You die...

#.##..#..#####.....# #####.###>..
#........# #.#...# #.........##
###.....## #....## #.###.###.#
##....## ####.# #.# #.# #.#
#...#.# #.####.# #.###.## ##.#.##
#.#.##.# #......# #.### #....#.#
#####..# ##'## ##......#######..#
##...## #@)..............#
##.....## ###.....#########.#
##.......## ##.##...## ##.#.#
#.........####...##.########....#
+.........'.........{............
#.........####...##.###.....(...#
##.......###........###.####..#.#
##.....## #.#####......# #.....#
##...## #.# #..###.# #..####


There were no monsters in sight!

Vanquished Creatures
  4 adders (D:2)
  3 orcs (D:2)
  6 ball pythons
  An endoplasm (D:2)
  A giant cockroach (D:2)
  4 goblins
  3 hobgoblins
  2 quokkas (D:1)
  4 bats (D:2)
  2 frilled lizards (D:1)
  3 kobolds
  3 rats
36 creatures vanquished.

Notes
Turn   | Place    | Note
-------+----------+-------------------------------------------
     0 | D:1      | gimp the Mummy Warper began the quest for the Orb.
     0 | D:1      | Reached XP level 1. HP: 16/16 MP: 4/4
   293 | D:1      | Found a faded altar of an unknown god.
   519 | D:1      | Reached XP level 2. HP: 20/22 MP: 5/5
   523 | D:1      | Reached skill level 3 in Spellcasting
  1443 | D:2      | Reached XP level 3. HP: 8/28 MP: 7/7
  3278 | D:3      | Found Bekicvec's Distillery.
  3293 | D:2      | Reached XP level 4. HP: 28/34 MP: 7/9
  3806 | D:2      | Killed from afar by an orc wizard

Illustrated notes

Levels and vault maps discovered:
D:1:      saegor_arrival_simple_a, layout_basic, ebering_ecumenical_altar_rust,
          dk_noncrumbling_3
D:2:      layout_loops_corners, grunt_ministairs_3, corexii_leaking_fountain,
          columned_hall_lemuel, minmay_pentomino_q2
D:3:      layout_loops_ring, amcnicky_altar_gilded, ebering_ghost_disaster_area,
          serial_shops, shop

Skill      XL: |  1  2 |
---------------+-------+-----
Polearms       | 2 |  2.8
Spellcasting   | 3 |  3.5
Fighting       | |  2.7
Throwing       | |  0.7
Armour         | |  0.7
Dodging        | |  1.5
Translocations | |  2.4

Action                   |  1- 3 |  4- 6 || total
-------------------------+-------+-------++-------
Melee: Spear             |   155 |    11 ||   166
Throw: Dart              |       |     7 ||     7
       Boomerang         |       |     1 ||     1
  Use: Scroll            |       |     2 ||     2
 Stab: Sleeping          |     3 |       ||     3
Armor: Leather armour    |    27 |     2 ||    29
Dodge: Dodged            |    79 |    15 ||    94
